Map: Submarine LE

Players

건브레드

  • Race: Zerg Zerg
  • League: Gold
  • Spawn Location: 5:00

FLORENCIO - Winner!

  • Race: Terran Terran
  • League: Platinum
  • Spawn Location: 11:00

VOD

Have the link to the VOD?

Description

Time

  • Played on: March 18, 2021, 12:06 a.m.
  • Length: 29:20
Show
View Real Time Build Order
Export as new Build Order

건브레드 Zerg 

Build Orders: Hatch First, Muta Ling Bane 

Get SALT Encoding   

  12  0:01  Drone  
  13  0:08  Drone  
  14  0:16  Overlord  
  14  0:41  Hatchery  
  13  0:50  Drone x2  
  13  0:55  Drone  
  16  1:03  Drone  
  17  1:14  Spawning Pool  
  17  1:15  Drone  
  17  1:22  Extractor  
  17  1:23  Drone  
  17  1:35  Drone  
  18  1:49  Drone  
  18  1:52  Extractor  
  19  2:05  Queen, Zergling x2  
  19  2:07  Overlord  
  22  2:24  Hatchery  
  22  2:29  Drone  
  22  2:30  Drone  
  23  2:43  Roach Warren  
  22  2:47  Overlord  
  22  2:57  Overlord  
  22  3:04  Metabolic Boost  
  22  3:09  Zergling x2  
  23  3:22  Roach  
  23  3:23  Roach x3  
  31  3:43  Drone x3  
  31  3:47  Ravager x3  
  37  4:24  Drone x6  
  38  4:28  Lair  
  43  4:31  Baneling Nest  
  42  4:42  Drone  
  42  4:45  Hatchery, Queen, Overlord  
  42  5:18  Drone x5  
  45  5:27  Drone  
  45  5:28  Drone x2  
  48  5:43  Drone  
  48  5:46  Extractor  
  48  5:47  Extractor  
  48  5:48  Drone x3  
  50  5:50  Drone  
  50  5:56  Centrifical Hooks  
  51  5:57  Spire  
  51  5:58  Zergling x8  
  51  5:59  Queen  
  56  6:16  Hatchery  
  55  6:23  Spore Crawler  
  54  6:26  Spore Crawler  
  54  6:32  Queen  
  50  6:35  Pneumatized Carapace  
  52  6:41  Overlord x2  
  52  6:42  Overlord  
  52  6:46  Overseer x2  
  46  6:58  Zergling x2  
  46  6:59  Zergling x16  
  46  7:00  Baneling x2  
  46  7:01  Baneling  
  55  7:12  Mutalisk  
  51  7:35  Queen  
  53  8:09  Drone  
  53  8:10  Drone x9  
  63  8:15  Extractor  
  63  8:16  Extractor  
  61  8:27  Evolution Chamber  
  61  8:30  Evolution Chamber  
  61  8:31  Zerg Flyer Weapons Level 1  
  61  8:32  Evolution Chamber  
  58  8:37  Drone x9  
  67  8:42  Drone x3  
  70  8:59  Drone x3  
  73  9:18  Drone  
  73  9:19  Drone x13  
  87  9:42  Overlord x2  
  87  9:43  Overlord x2  
  87  10:06  Roach, Mutalisk x8  
  87  10:07  Mutalisk x3  
  93  10:08  Overlord x4  
  93  10:09  Overlord  
  111  10:46  Overseer x2  
  111  10:48  Zergling x26  
  111  10:49  Zergling x10  
  129  10:52  Zerg Melee Weapons Level 1, Zerg Missile Weapons Level 1  
  129  10:53  Zerg Ground Armor Level 1  
  129  11:09  Mutalisk  
  129  11:10  Mutalisk x6  
  143  11:12  Extractor, Overlord  
  143  11:13  Overlord  
  143  11:16  Extractor  
  141  11:20  Baneling x12  
  141  11:25  Hatchery  
  140  11:46  Baneling x17  
  140  11:47  Ravager  
  140  11:52  Infestation Pit  
  140  11:53  Zerg Flyer Weapons Level 2  
  140  11:58  Glial Reconstitution  
  84  13:03  Mutalisk  
  84  13:04  Mutalisk x11  
  84  13:05  Zergling x16  
  108  13:06  Zergling x30  
  108  13:07  Zergling x6  
  108  13:08  Zergling x6  
  135  13:14  Drone x2  
  137  13:30  Mutalisk x10  
  157  13:50  Baneling x7  
  157  13:51  Baneling x17  
  157  13:52  Zergling x2  
  157  13:54  Overlord x12  
  158  14:09  Zerg Flyer Armor Level 1  
  156  14:27  Hive  
  153  15:12  Extractor x2  
  119  15:50  Baneling x4  
  119  15:51  Baneling x11  
  105  16:15  Ultralisk Cavern  
  105  16:16  Zerg Missile Weapons Level 2, Zerg Ground Armor Level 2, Zerg Melee Weapons Level 2  
  104  16:24  Drone x2  
  105  16:30  Zergling x6  
  105  16:31  Zergling x48  
  132  16:34  Adrenal Glands  
  132  16:44  Hatchery  
  97  17:09  Corruptor  
  97  17:10  Corruptor x7  
  116  17:28  Hatchery  
  100  18:06  Chitinous Plating  
  100  18:21  Extractor  
  100  18:22  Extractor  
  98  18:31  Ultralisk x8  
  146  18:41  Queen  
  146  18:45  Queen  
  150  18:53  Drone x4  
  129  19:25  Anabolic Synthesis  
  129  19:30  Zergling x2  
  129  19:31  Zergling x30  
  145  19:46  Drone x5  
  145  19:47  Drone x3  
  142  20:05  Overseer x2  
  142  20:06  Overseer x5  
  142  20:19  Drone x10  
  112  21:53  Zergling x2  
  116  21:54  Zergling x22  
  112  22:06  Hatchery  
  111  22:12  Overseer x2  
  45  23:08  Mutalisk  
  45  23:09  Mutalisk x5  
  45  23:12  Drone  
  58  23:13  Drone  
  59  23:23  Hatchery  
  59  23:25  Hatchery  
  59  23:26  Mutalisk  
  57  23:28  Roach  
  57  23:56  Drone x6  
  63  24:03  Drone  
  63  24:04  Drone x2  
  61  24:12  Mutalisk x2  
  53  24:24  Drone  
  53  24:25  Drone x2  
  53  24:28  Drone  
  53  24:29  Drone  
  58  24:33  Queen, Extractor  
  58  24:37  Queen  
  63  24:39  Drone  
  63  24:40  Drone x5  
  69  24:47  Drone x2  
  71  24:58  Mutalisk  
  71  24:59  Mutalisk  
  24  25:44  Hatchery  
  23  25:51  Drone  
  23  25:52  Drone x2  
  26  26:03  Hatchery  
  26  26:25  Zergling x2  
  26  26:26  Zergling x10  
  26  26:28  Overseer  
  26  26:32  Queen  
Show
View Real Time Build Order
Export as new Build Order

FLORENCIO Terran - Winner!

Build Orders:  

Get SALT Encoding   

  12  0:02  SCV  
  13  0:14  SCV  
  14  0:26  SCV  
  15  0:31  Supply Depot  
  15  0:39  Refinery  
  15  0:53  SCV  
  15  0:54  Barracks  
  16  1:05  Barracks  
  16  1:09  SCV  
  17  1:21  SCV  
  18  1:41  Bunker  
  18  1:43  Marine  
  18  1:44  Bunker  
  19  1:53  SCV  
  19  1:54  Supply Depot  
  20  2:01  Marine, Engineering Bay  
  20  2:05  SCV  
  22  2:11  Refinery  
  22  2:17  SCV  
  23  2:29  SCV  
  24  2:34  Bunker  
  24  2:40  Engineering Bay  
  24  2:47  SCV  
  25  2:52  Factory  
  26  3:08  SCV  
  26  3:12  Barracks Tech Lab  
  26  3:17  Marine  
  27  3:20  SCV  
  28  3:32  SCV  
  29  3:35  Starport, Marine  
  29  3:36  Factory Tech Lab  
  30  3:41  Bunker  
  30  3:51  SCV  
  30  4:09  Command Center  
  30  4:14  Planetary Fortress  
  28  4:18  Starport Tech Lab  
  28  4:29  Siege Tank  
  31  4:52  Supply Depot  
  31  4:54  Supply Depot  
  31  5:13  Supply Depot  
  31  5:21  Banshee, Planetary Fortress  
  34  5:36  Supply Depot  
  34  5:58  SCV, Command Center  
  34  6:03  Liberator  
  38  6:10  SCV  
  39  6:22  SCV  
  40  6:34  SCV  
  41  6:45  Corvid Reactor  
  41  6:46  SCV  
  42  6:47  Raven  
  44  7:00  SCV  
  45  7:03  Refinery  
  45  7:04  Refinery  
  45  7:06  Command Center  
  45  7:12  SCV  
  46  7:24  SCV  
  49  7:46  SCV  
  50  7:52  Viking  
  50  7:53  Missile Turret  
  50  7:55  Missile Turret  
  50  7:57  Missile Turret  
  50  7:58  SCV  
  48  7:59  Factory  
  48  8:00  Factory  
  48  8:02  Factory, Missile Turret  
  45  8:10  SCV  
  46  8:14  Missile Turret  
  46  8:22  SCV  
  46  8:24  Planetary Fortress  
  46  8:25  Missile Turret x2  
  49  8:34  SCV  
  49  8:36  Widow Mine  
  49  8:39  SCV x2  
  52  8:48  Missile Turret  
  52  8:51  SCV x2  
  52  8:55  Widow Mine x2  
  58  8:56  Widow Mine  
  58  9:01  SCV  
  61  9:03  SCV x2  
  61  9:09  Supply Depot  
  63  9:13  SCV  
  63  9:15  SCV  
  65  9:17  SCV  
  65  9:18  Missile Turret  
  65  9:21  Refinery  
  65  9:24  SCV  
  67  9:25  SCV  
  68  9:36  SCV  
  68  9:37  Refinery, Widow Mine x3  
  75  9:48  SCV  
  76  9:54  Widow Mine  
  76  9:58  Widow Mine x3  
  84  10:00  Armory, SCV x2  
  84  10:06  Planetary Fortress  
  86  10:12  SCV x2  
  88  10:15  Widow Mine  
  88  10:19  Widow Mine  
  88  10:20  Widow Mine x2  
  96  10:24  SCV x2  
  98  10:32  SCV  
  99  10:36  SCV  
  99  10:39  Missile Turret  
  99  10:41  Missile Turret  
  100  10:45  Supply Depot x2  
  100  11:07  SCV x2, Widow Mine x4, Supply Depot, Raven  
  112  11:13  Command Center  
  112  11:15  SCV x2, Refinery  
  112  11:17  Refinery  
  114  11:19  SCV  
  115  11:26  Ghost Academy  
  115  11:27  SCV  
  115  11:29  Ghost Academy, SCV, Widow Mine  
  115  11:31  SCV  
  120  11:33  Supply Depot  
  120  11:35  Widow Mine x2  
  124  11:54  SCV  
  124  11:55  Widow Mine x2  
  124  11:56  Widow Mine  
  131  12:21  Widow Mine  
  131  12:25  Widow Mine x3  
  129  12:42  Widow Mine  
  123  13:06  Hellion x4  
  131  13:13  Command Center  
  131  13:15  SCV x3  
  134  13:27  SCV x2  
  134  13:28  Hellion x4, Starport  
  134  13:29  Nuke, Starport x2, Personal Cloaking  
  134  13:32  Starport  
  144  13:36  Command Center  
  144  13:37  Planetary Fortress, Command Center  
  145  13:41  SCV  
  145  13:49  Hellion  
  145  13:52  Missile Turret  
  145  13:54  Missile Turret  
  147  14:06  Supply Depot, Starport Tech Lab  
  147  14:07  Starport Tech Lab x2, Supply Depot  
  147  14:13  SCV  
  147  14:15  Hellion x4  
  142  14:19  Barracks Tech Lab  
  142  14:21  Starport Tech Lab  
  142  14:29  Missile Turret  
  142  14:30  SCV  
  143  14:35  Liberator x2  
  143  14:36  Hellion x3, Liberator x2  
  143  14:37  Hellion  
  161  14:42  SCV  
  162  14:54  SCV  
  162  14:57  Hellion  
  162  14:58  Hellion x3  
  171  15:00  Planetary Fortress x2  
  171  15:06  SCV  
  170  15:18  Liberator x4  
  170  15:19  Hellion  
  178  15:28  Liberator  
  160  15:32  Command Center  
  160  15:34  Command Center  
  156  16:01  Liberator x2  
  156  16:03  Liberator  
  145  16:25  Factory Tech Lab  
  145  16:26  Factory Tech Lab x2  
  145  16:52  Raven x3  
  145  16:53  Raven x2  
  148  17:35  Raven x4  
  148  17:36  Raven  
  146  18:17  Widow Mine x4  
  146  18:18  Raven x5  
  164  18:27  Planetary Fortress  
  164  18:38  Widow Mine  
  164  18:39  Widow Mine x3  
  172  18:46  Missile Turret  
  172  19:00  Widow Mine x4, Raven  
  172  19:01  Raven x2  
  192  19:27  Planetary Fortress  
  188  19:35  Hellion x4  
  188  19:56  Hellion  
  188  19:57  Hellion  
  192  20:15  SCV  
  193  20:22  Fusion Core  
  193  20:39  Hellion  
  193  20:40  Hellion  
  193  20:41  Hellion x2, SCV  
  190  20:53  SCV  
  191  21:01  Hellion  
  193  21:12  SCV  
  193  21:13  Hellion  
  192  21:20  Hellion x2  
  192  21:22  Hellion  
  192  21:25  SCV  
  189  21:37  SCV  
  192  21:53  Thor  
  190  21:54  Thor  
  190  21:57  Thor  
  190  22:00  Thor  
  186  22:21  SCV  
  185  22:23  Refinery  
  185  22:25  Refinery  
  184  22:37  Thor  
  184  22:39  Thor  
  169  23:56  Supply Depot  
  169  23:57  Supply Depot  
  169  24:00  Supply Depot  
  168  24:18  Thor  
  168  24:21  Thor x2  
  186  24:34  Command Center  
  186  24:38  Command Center  
  186  24:48  Supply Depot  
  186  24:49  Supply Depot  
  186  25:10  Thor  
  186  25:11  Thor  
  195  26:54  Thor  
  195  27:10  Thor  
  196  27:38  Planetary Fortress x2  
  196  27:39  Refinery  
  196  27:40  Refinery  
Tags
 
Composition
Muta Ling Bane
Matchup
TvZ
Spawn Locations
Cross Positions
Add a new tag
Caveats
  • Supply blocks, unpowered buildings, or Contaminate may cause inaccurate times.
  • Supply counts are checked every 10 seconds.